 Dungeon Crawl Stone Soup version 0.31-a0-702-gf82c85558f (webtiles) character file.

Game seed: 6725606947990365207

272 qw the Shooter (level 6, -2/38 HPs)
             Began as a Gargoyle Hunter on Sept 8, 2023.
             Slain by a phantom (3 damage)
             ... on level 4 of the Dungeon.
             The game lasted 00:01:15 (2971 turns).

qw the Shooter (Gargoyle Hunter)                    Turns: 2971, Time: 00:01:16

Health: -2/38      AC: 11    Str: 14    XL:     6   Next: 23%
Magic:  6/6        EV: 10    Int: 10    God:
Gold:   100        SH:  0    Dex: 15    Spells: 5/5 levels left

rFire   . . .        Y - +3 shortbow
rCold   . . .        (shield currently unavailable)
rNeg    + . .        b - +0 ring mail
rPois   inf          g - +1 helmet
rElec   +            (no cloak)
rCorr   .            (no gloves)
SInv    .            (no boots)
Will    .....        (no amulet)
Stlth   +            (no ring)
HPRegen 0.26/turn    (no ring)
MPRegen 0.10/turn

%: no passive effects
@: weakened
A: sickness immunity, AC +4, negative energy resistance 1, electricity
resistance, torment resistance 1, petrification resistance
a: no special abilities


You were on level 4 of the Dungeon.
You visited 1 branch of the dungeon, and saw 4 of its levels.

You collected 100 gold pieces.


Innate Abilities, Weirdness & Mutations

You are immune to sickness and miasma.
Your stone body is resilient. (AC +4)
You are immune to poison.
You resist negative energy. (rN+)
You are resistant to electric shocks. (rElec)
You are resistant to unholy torment.
You are immune to petrification.


   Skills:
 - Level 4.1 Fighting
 + Level 6.4 Ranged Weapons
 - Level 1.0 Armour
 - Level 1.5 Dodging
 - Level 1.1 Stealth


You had 5 spell levels left.
You didn't know any spells.
Your spell library was empty.

Inventory:

Hand Weapons
 Y - a +3 shortbow (weapon)
Armour
 b - a +0 ring mail (worn)
 g - a +1 helmet (worn)
Scrolls
 a - 6 scrolls of identify
Potions
 d - a potion of curing
 e - 4 potions of might

Dungeon Overview and Level Annotations

Branches:
Dungeon (4/15)
 Temple: D:4-7

Altars:

Shops:
D:4 =

Annotations:
D:3 3 runed translucent doors, qw's ghost, amateur GrHu; qw's ghost, weakling GrHu
D:4 Blork the orc


Message History

The gnoll hits you but does no damage. x2
You shoot an arrow. The iguana hisses angrily.
The arrow hits the gnoll but does no damage.
The gnoll is almost dead.
The gnoll hits you with a +0 club. The gnoll hits you but does no damage.
The gnoll misses you.
The gnoll bouda hits you with a +1 whip of electrocution.
The phantom hits you but does no damage.
The gnoll hits you but does no damage.
The gnoll hits you from afar with a +0 spear.
2969 ||| DRINKING potion of heal wounds.
You feel much better. The gnoll barely misses you.
The gnoll hits you but does no damage. The gnoll barely misses you.
Blork the orc comes into view.
He is wielding a +0 flail.
The gnoll bouda gazes fiercely through you!
You feel as though you will be weak longer.
The gnoll bouda hits you with a +1 whip of electrocution!
The phantom hits you but does no damage.
The gnoll hits you but does no damage.
The gnoll hits you from afar with a +0 spear.
You shoot an arrow. The arrow hits the gnoll.
You kill the gnoll!
The gnoll hits you from afar with a +0 spear.
Blork the orc casts a spell.
Blork the orc seems to speed up.
The gnoll bouda hits you but does no damage.
The phantom hits you. The gnoll hits you with a +0 spear. The gnoll misses you.
The gnoll hits you but does no damage.
The gnoll hits you from afar with a +0 spear.
You shoot an arrow.
The arrow hits the gnoll bouda but does no damage.
The gnoll bouda is lightly wounded.
The gnoll bouda barely misses you. The phantom barely misses you.
The gnoll closely misses you.
The gnoll hits you but does no damage. x3
The iguana hisses menacingly.
The gnoll bouda hits you with a +1 whip of electrocution.
The phantom hits you.
You die...

...) .... #.
... #. ..# .
####.##.# #..
>.......####...
........!......
.......).%#
.<.....g@.#
....###gWg#
...#..g#gSl....
. #.....#......
#..\.. .......
#..).. o.....#
..#.(.# ......#
.#..### ......#
... .###


You could see Blork the orc (fast), a phantom, a gnoll bouda, an iguana, 4
gnolls and a ball python.

Vanquished Creatures
  2 orc priests (D:3)
  Jessica (D:3)
  A gnoll (D:4)
  7 adders
  A worm (D:2)
  4 dart slugs (D:3)
  10 orcs
  14 bats
  6 endoplasms
  6 giant cockroaches
  7 goblins
  12 hobgoblins
  2 jackals (D:1)
  3 kobolds
  4 quokkas
  4 ball pythons
  2 frilled lizards (D:2)
  6 rats
92 creatures vanquished.

Notes
Turn   | Place    | Note
-------+----------+-------------------------------------------
     0 | D:1      | qw the Gargoyle Hunter began the quest for the Orb.
     0 | D:1      | Reached XP level 1. HP: 12/12 MP: 1/1
     0 | D:1      | 0 ||| qw: Version: 0.3-a-76-g4403597
     0 | D:1      | 0 ||| qw: Game counter: 977
     0 | D:1      | 0 ||| qw: Melee chars always use a shield: true
     0 | D:1      | 0 ||| qw: God list: Okawaru
     0 | D:1      | 0 ||| qw: Allow faded altars: false
     0 | D:1      | 0 ||| qw: Do Orc after clearing Dungeon:15 true
     0 | D:1      | 0 ||| qw: Do second Lair branch before Depths: true
     0 | D:1      | 0 ||| qw: Lair rune preference: random
     0 | D:1      | 0 ||| qw: Goals: Normal
     0 | D:1      | 0 ||| PLANNING D:1-11
   117 | D:1      | Reached XP level 2. HP: 17/17 MP: 2/2
   788 | D:1      | 788 ||| UPGRADING to +0 helmet.
   793 | D:1      | 793 ||| READING 7 scrolls labelled PIM LAGORO.
   794 | D:1      | 794 ||| DRINKING 2 lumpy green potions.
   795 | D:1      | 795 ||| READING 6 scrolls of identify.
   795 | D:1      | 795 ||| IDENTIFYING blue potion
   796 | D:1      | 796 ||| DROPPING scroll of butterflies.
   849 | D:2      | Reached XP level 3. HP: 21/21 MP: 3/3
   925 | D:2      | Reached skill level 5 in Ranged Weapons
  1338 | D:2      | Reached skill level 3 in Fighting
  1338 | D:2      | Reached XP level 4. HP: 28/28 MP: 4/4
  1478 | D:2      | 1478 ||| READING 2 scrolls labelled TARUATADUL.
  1479 | D:2      | 1479 ||| READING scroll of enchant weapon.
  1479 | D:2      | 1479 ||| ENCHANTING +1 shortbow.
  1480 | D:2      | 1480 ||| READING 2 scrolls labelled IRRACHOSIGG.
  1481 | D:2      | 1481 ||| READING 7 scrolls of identify.
  1481 | D:2      | 1481 ||| IDENTIFYING silvery potion
  1482 | D:2      | 1482 ||| DROPPING potion of attraction.
  1483 | D:2      | 1483 ||| DROPPING scroll of fear.
  1508 | D:3      | 1508 ||| STAIRDANCE
  1547 | D:2      | 1547 ||| UPGRADING to +0 ring mail.
  1557 | D:2      | 1557 ||| DROPPING +0 leather armour.
  1562 | D:3      | 1562 ||| STAIRDANCE
  1570 | D:3      | 1570 ||| Stepping ~*~*~tactically~*~*~ (outnumbered).
  1572 | D:3      | Reached skill level 1 in Armour
  1667 | D:3      | Found a runed translucent gate.
  1667 | D:3      | Found a runed translucent gate.
  1667 | D:3      | Found a runed translucent gate.
  1668 | D:3      | Noticed qw's ghost (amateur GrHu)
  1668 | D:3      | Noticed qw's ghost (amateur GrHu)
  1669 | D:3      | Noticed qw's ghost (amateur GrHu)
  1669 | D:3      | Noticed qw's ghost (weakling GrHu)
  1862 | D:3      | Found a faded altar of an unknown god.
  2048 | D:3      | Identified the +3 long sword "Concordance" {heavy, *Rage
                  | rN+ Will+ Dex+3}
  2141 | D:3      | Reached XP level 5. HP: 16/32 MP: 5/5
  2141 | D:3      | 2141 ||| FLEEEEING.
  2142 | D:3      | 2142 ||| FLEEEEING.
  2143 | D:3      | 2143 ||| FLEEEEING.
  2144 | D:3      | 2144 ||| FLEEEEING.
  2145 | D:3      | 2145 ||| FLEEEEING.
  2146 | D:3      | 2146 ||| FLEEEEING.
  2147 | D:3      | 2147 ||| FLEEEEING.
  2148 | D:3      | 2148 ||| FLEEEEING.
  2149 | D:3      | 2149 ||| FLEEEEING.
  2151 | D:3      | 2151 ||| FLEEEEING.
  2152 | D:3      | 2152 ||| FLEEEEING.
  2153 | D:3      | 2153 ||| FLEEEEING.
  2154 | D:3      | 2154 ||| FLEEEEING.
  2155 | D:3      | 2155 ||| FLEEEEING.
  2156 | D:3      | 2156 ||| FLEEEEING.
  2157 | D:3      | 2157 ||| FLEEEEING.
  2158 | D:3      | 2158 ||| FLEEEEING.
  2159 | D:3      | 2159 ||| FLEEEEING.
  2160 | D:3      | 2160 ||| FLEEEEING.
  2161 | D:3      | 2161 ||| FLEEEEING.
  2162 | D:3      | 2162 ||| FLEEEEING.
  2163 | D:3      | 2163 ||| FLEEEEING.
  2164 | D:3      | 2164 ||| FLEEEEING.
  2165 | D:3      | 2165 ||| FLEEEEING.
  2166 | D:3      | 2166 ||| FLEEEEING.
  2167 | D:3      | 2167 ||| FLEEEEING.
  2168 | D:3      | 2168 ||| FLEEEEING.
  2169 | D:3      | 2169 ||| FLEEEEING.
  2170 | D:3      | 2170 ||| FLEEEEING.
  2171 | D:3      | 2171 ||| FLEEEEING.
  2172 | D:3      | 2172 ||| FLEEEEING.
  2174 | D:3      | 2174 ||| FLEEEEING.
  2175 | D:3      | 2175 ||| FLEEEEING.
  2176 | D:3      | 2176 ||| FLEEEEING.
  2177 | D:3      | 2177 ||| FLEEEEING.
  2178 | D:3      | 2178 ||| FLEEEEING.
  2179 | D:3      | 2179 ||| FLEEEEING.
  2180 | D:3      | 2180 ||| STAIRDANCE
  2204 | D:3      | 2204 ||| STAIRDANCE
  2347 | D:3      | Reached skill level 6 in Ranged Weapons
  2718 | D:3      | 2718 ||| READING scroll of enchant weapon.
  2718 | D:3      | 2718 ||| ENCHANTING +2 shortbow.
  2792 | D:3      | Noticed Jessica
  2797 | D:3      | Killed Jessica
  2798 | D:3      | Reached XP level 6. HP: 34/38 MP: 6/6
  2827 | D:3      | 2827 ||| FLEEEEING.
  2935 | D:3      | 2935 ||| READING 2 scrolls labelled ZINASA KAIDUUZO.
  2936 | D:3      | 2936 ||| READING scroll of enchant armour.
  2936 | D:3      | 2936 ||| ENCHANTING +0 helmet.
  2937 | D:3      | 2937 ||| DRINKING 2 amethyst potions.
  2946 | D:4      | Found Araqearph's One-of-a-Kind Rings.
  2960 | D:4      | 2960 ||| Stepping ~*~*~tactically~*~*~ (retreating).
  2963 | D:4      | 2963 ||| Stepping ~*~*~tactically~*~*~ (retreating).
  2968 | D:4      | HP: 7/38 [gnoll bouda/+1 whip of electrocution (5)]
  2969 | D:4      | 2969 ||| DRINKING potion of heal wounds.
  2969 | D:4      | Noticed Blork the orc
  2971 | D:4      | HP: 1/38 [gnoll bouda/+1 whip of electrocution (5)]
  2971 | D:4      | Slain by a phantom

Levels and vault maps discovered:
D:1:      lightli_arrival_statue_moat, layout_loops_ring, serial_forest,
          infiniplex_forest_clump_double, infiniplex_forest_zigzag_1,
          infiniplex_forest_clump_diagonal, infiniplex_forest_fountain,
          infiniplex_forest_lined_1, infiniplex_forest_straight_5,
          infiniplex_forest_straight_2, grunt_decor_one_mirror
D:2:      layout_basic
D:3:      minmay_razor_zed, layout_basic,
          shapermc_ecumenical_altar_totnotflames, gammafunk_ghost_cemetery,
          minmay_joined_circles, uniq_jessica
D:4:      layout_rooms, serial_park_tiny_pond, nicolae_shop_unique_rings,
          minmay_divided_ellipse, uniq_blork_the_orc

Skill      XL: |  1  2  3  4  5 |
---------------+----------------+-----
Ranged Weapons | 5 6 |  6.4
Fighting       | 3 4 |  4.1
Armour         | 1 |  1.0
Dodging        | |  1.5
Stealth        | |  1.1

Action                     |  1- 3 |  4- 6 || total
---------------------------+-------+-------++-------
   Fire: Shortbow          |   101 |   184 ||   285
    Use: Scroll            |     2 |     7 ||     9
         Potion            |     1 |     2 ||     3
 Armour: Leather armour    |    37 |     7 ||    44
         Ring mail         |       |   119 ||   119
  Dodge: Dodged            |    28 |    94 ||   122

Table legend:
 A = Non-vault XP
 B = Vault XP
 C = Vault XP percentage of total XP
 D = Non-vault monster count
 E = Vault monster count
 F = Vault count percentage of total count
                 A         B        C        D         E       F
            +---------+---------+-------+---------+---------+-------
      Total |     252 |     137 |  35.2 |      60 |      32 |  34.8
            +---------+---------+-------+---------+---------+-------
        D:1 |      31 |       0 |   0.0 |      18 |       0 |   0.0
        D:2 |      79 |       0 |   0.0 |      17 |       0 |   0.0
        D:3 |     123 |     137 |  52.7 |      22 |      32 |  59.3
        D:4 |      19 |       0 |   0.0 |       3 |       0 |   0.0
            +---------+---------+-------+---------+---------+-------
